 Dungeon Crawl Stone Soup version 0.29-a0-653-gd47aff6735 (webtiles) character file.

Game seed: 12057104484147698986

20 ytrimaz the Vandal (level 3, 27/28 HPs)
             Began as a Formicid Hunter on June 21, 2022.
             Quit the game on level 2 of the Dungeon.
             The game lasted 00:01:21 (842 turns).

ytrimaz the Vandal (Formicid Hunter)                 Turns: 842, Time: 00:01:22

Health: 27/28      AC:  3    Str: 15    XL:     3   Next: 0%
Magic:  3/3        EV: 12    Int: 10    God:
Gold:   52         SH:  0    Dex: 17    Spells: 2/2 levels left

rFire   . . .      SeeInvis +   a - +2 hunting sling
rCold   . . .      Faith    .   (no shield)
rNeg    . . .      Spirit   .   b - +0 leather armour
rPois   .          Reflect  .   (helmet unavailable)
rElec   .          Harm     .   (no cloak)
rCorr   .          Rampage  .   (no gloves)
Will    .....                   (no boots)
Stlth   ++........              (no amulet)
HPRegen 0.09/turn               (no ring)
MPRegen 0.08/turn               (no ring)

@: no status effects
A: permanent stasis, dig shafts and tunnels, antennae 3, four strong arms
a: Dig, Shaft Self


You were on level 2 of the Dungeon.
You visited 1 branch of the dungeon, and saw 2 of its levels.

You collected 52 gold pieces.

Inventory:

Hand Weapons
 a - a +2 hunting sling (weapon)
Armour
 b - a +0 leather armour (worn)
Scrolls
 c - a scroll of immolation
Potions
 d - a potion of mutation {unknown}
 e - a potion of might {unknown}
 f - a potion of invisibility {unknown}
 g - a potion of magic {unknown}


   Skills:
 + Level 2.3 Fighting
 + Level 5.1 Slings
 + Level 1.9 Dodging
 - Level 1.2 Stealth


You had 2 spell levels left.
You didn't know any spells.
Your spell library was empty.

Dungeon Overview and Level Annotations

Branches:
Dungeon (2/15)

Altars:


Innate Abilities, Weirdness & Mutations

You cannot be hasted, slowed, berserked, paralysed or teleported.
You can dig through walls and to a lower floor.
You have a pair of large antennae on your head. (SInv)
Your four strong arms can wield two-handed weapons with a shield.


Message History

The sling bullet hits the giant cockroach!
You kill the giant cockroach!
A kobold comes into view. It is wielding a +0 dagger.
You shoot a sling bullet. The kobold shouts!
The sling bullet hits the kobold!
You kill the kobold!
No target in view!
No target in view!
Things that are here:
a +0 dagger; 5 stones; a kobold corpse You see here 6 stones.
Done exploring.
Done exploring.
No target in view!
Done exploring.
Done exploring.
There is an escape hatch in the floor here.
You see here 6 stones.
There is a stone staircase leading down here.
You climb downwards.
Found a book of Rime.
There is a stone staircase leading up here.
A kobold comes into view. It is wielding a +0 whip.
The kobold shouts!
You hear an angry hiss.
You see here a book of Rime.
A kobold is nearby!
You shoot a sling bullet. The sling bullet hits the kobold.
The kobold is heavily wounded.
You shoot a sling bullet.
The sling bullet barely misses the kobold.
The kobold hits you with a +0 whip.
You shoot a sling bullet. The sling bullet hits the kobold.
You kill the kobold!
An adder comes into view.
You have reached level 3!
Your experience leads to an increase in your attributes!
Increase (S)trength, (I)ntelligence, or (D)exterity?
You feel clever. x2
Are you sure you want to abandon this character and quit the game? (Confirm with "yes".)

... #.# ## ..#
. #.#S# #.#.
#.. #)# #@# #.#
##.####.#
.......<#
##.............
....##########.
##. #


You could see an adder (wandering).

Vanquished Creatures
  2 giant cockroaches (D:1)
  3 goblins (D:1)
  3 jackals (D:1)
  2 ball pythons (D:1)
  A bat (D:1)
  A frilled lizard (D:1)
  4 kobolds
  2 rats (D:1)
18 creatures vanquished.

Notes
Turn   | Place    | Note
-------+----------+-------------------------------------------
     0 | D:1      | ytrimaz the Formicid Hunter began the quest for the Orb.
     0 | D:1      | Reached XP level 1. HP: 16/16 MP: 1/1
   135 | D:1      | Reached XP level 2. HP: 22/22 MP: 2/2
   594 | D:1      | Reached skill level 5 in Slings
   842 | D:2      | Reached XP level 3. HP: 27/28 MP: 3/3
   842 | D:2      | Quit the game

Illustrated notes

Levels and vault maps discovered:
D:1:      minmay_arrival_jagged, layout_rooms
D:2:      layout_loops_ring, hellmonk_ecumenical_altar_leap_of_faith,
          kennysheep_crisscross

Skill      XL: |  1  2 |
---------------+-------+-----
Slings         | 5 |  5.1
Fighting       | |  2.3
Dodging        | |  1.9
Stealth        | |  1.2

Action                   || total
-------------------------++-------
Melee: Hunting sling     ||     9
 Fire: Hunting sling     ||    48
  Use: Scroll            ||     2
Armor: Leather armour    ||    11
Dodge: Dodged            ||    26

Table legend: (Time is in decaauts)
 A = Elapsed time spent in this place.
 B = Non-inter-level travel time spent in this place.
 C = Inter-level travel time spent in this place.
 D = Time resting spent in this place.
 E = Time spent auto-exploring this place.
 F = Levels seen in this place.
 G = Mean time per level.
                   A        B        C        D        E       F      G
               +--------+--------+--------+--------+--------+-----+--------+
         Total |    860 |    826 |     34 |      0 |    697 |   2 |  430.0 |
       Dungeon |    860 |    826 |     34 |      0 |    697 |   2 |  430.0 |
               +--------+--------+--------+--------+--------+-----+--------+

Top non-repeatable levels by time:
     D:1: 853 daAuts
     D:2: 7 daAuts
